 Dungeon Crawl Stone Soup version 0.30-a0-292-g0f741e3f8e (webtiles) character file.

Game seed: 1843246993057550226

147 themarg the Trooper (level 5, -1/50 HPs)
             Began as a Hill Orc Monk on Oct 18, 2022.
             Was an Initiate of Beogh.
             Slain by a water moccasin (7 damage)
             ... on level 4 of the Dungeon.
             The game lasted 00:08:55 (2671 turns).

themarg the Trooper (Hill Orc Monk)                 Turns: 2671, Time: 00:08:55

Health: -1/50      AC:  8    Str: 16      XL:     5   Next: 29%
Magic:  5/5        EV:  7    Int:  8 (10) God:    Beogh [......]
Gold:   197        SH:  0    Dex: 10 (13) Spells: 4/4 levels left

rFire   . . .      SeeInvis .    r - +0 war axe
rCold   . . .      Faith    +    (no shield)
rNeg    . . .      Spirit   .    h - +0 chain mail
rPois   .          Reflect  .    (no helmet)
rElec   .          Harm     .    (no cloak)
rCorr   .          Rampage  .    (no gloves)
Will    .....                    (no boots)
Stlth   ..........               p - amulet of faith
HPRegen 0.28/turn                (no ring)
MPRegen 0.09/turn                (no ring)

@: no status effects
A: no conjurations magic, no fire magic, no transmutations magic
a: Renounce Religion


You were on level 4 of the Dungeon.
You worshipped Beogh.
Beogh was noncommittal.
You visited 1 branch of the dungeon, and saw 4 of its levels.

You collected 197 gold pieces.

Inventory:

Hand Weapons
 a - a +0 hand axe
 r - a +0 war axe (weapon)
Missiles
 e - 24 stones (quivered)
Armour
 h - a +0 chain mail (worn)
Jewellery
 p - an amulet of faith (around neck)
Scrolls
 d - a scroll of torment {unknown}
 i - a scroll of brand weapon {unknown}
 j - a scroll of magic mapping {unknown}
 l - a scroll of teleportation {unknown}
 n - a scroll of enchant armour {unknown}
Potions
 f - a potion of degeneration
 g - a potion of brilliance
 m - a potion of flight {unknown}
 o - a potion of lignification {unknown}
 q - a potion of might {unknown}


   Skills:
 * Level 5.7 Fighting
 - Level 4.0 Axes
 - Level 3.0 Dodging
 + Level 2.7 Stealth
 + Level 0.0 Invocations


You had 4 spell levels left.
You didn't know any spells.
Your spell library contained the following spells:

 Spells                   Type           Power      Damage    Failure   Level
 Sandblast                Erth           0%         2d4       100%        1
 Ozocubu's Armour         Ice            0%         N/A       100%        3
 Vhi's Electric Charge    Tloc/Air       0%         N/A       100%        3
 Metabolic Englaciation   Hex/Ice        0%         N/A       100%        5
 Simulacrum               Ice/Necr       0%         N/A       100%        6
 Passwall                 Tmut/Erth      Unusable   N/A       N/A         2
 Static Discharge         Conj/Air       Unusable   2-2/arc   N/A         2
 Stone Arrow              Conj/Erth      Unusable   3d7       N/A         3
 Arcjolt                  Conj/Air       Unusable   1d10      N/A         5
 Lightning Bolt           Conj/Air       Unusable   1d11      N/A         5

Dungeon Overview and Level Annotations

Branches:
Dungeon (4/15)
 Temple: D:4-7

Altars:
Ru
Sif Muna


Innate Abilities, Weirdness & Mutations

You cannot study or cast Conjurations magic.
You cannot study or cast Fire magic.
You cannot study or cast Transmutations magic.


Message History

The water moccasin poisons you! The water moccasin barely misses you.
You hit the water moccasin but do no damage.
You feel very sick. The water moccasin bites you.
You barely miss the water moccasin.
You feel very sick. The water moccasin barely misses you.
The water moccasin completely misses you.
You barely miss the water moccasin.
You feel sick.
The water moccasin barely misses you. x2
You hit the water moccasin but do no damage.
You feel sick. The water moccasin bites you. x2
You slash the water moccasin!
The water moccasin is moderately wounded.
You feel sick. The water moccasin barely misses you.
The water moccasin bites you but does no damage.
You miss the water moccasin.
The water moccasin is moderately wounded.
You feel sick. The water moccasin bites you.
You are more poisoned.
The water moccasin poisons you!
You closely miss the water moccasin.
The water moccasin is moderately wounded.
You feel very sick. The water moccasin barely misses you.
The water moccasin bites you.
You are lethally poisoned!
The water moccasin poisons you!
You hit the water moccasin but do no damage.
The water moccasin is moderately wounded.
* * * LOW HITPOINT WARNING * * *
You feel extremely sick. The water moccasin bites you.
* * * LOW HITPOINT WARNING * * *
The water moccasin completely misses you.
You feel better. The water moccasin bites you!
* * * LOW HITPOINT WARNING * * *
You closely miss the water moccasin.
The water moccasin is moderately wounded.
The water moccasin bites you!
You die...

##### .
....####.........####
.....†.>.........##.###
###.###..........##...#
# #.# ........##.#.# #
#.# #........#)#.# #
#.# #........#.#.# #
#.# #....).S.#.#.# #
#.# #......@.#.#.#####
# #.#
#........#.#.#<..#
#..........#...#.#
#........#####.#.###
#........# #.#...#
#........# #.###.#
#........# #.....#
########## #######


You could see a water moccasin.

Vanquished Creatures
  An orc wizard (D:3)
  A gnoll (D:4)
  6 adders
  A worm (D:3)
  4 orcs (D:3)
  5 bats
  3 endoplasms
  2 giant cockroaches
  4 goblins
  4 hobgoblins
  3 quokkas
  6 ball pythons
  4 frilled lizards
  8 kobolds
  6 rats
58 creatures vanquished.

Vanquished Creatures (others)
  A gnoll (D:4)
  A giant cockroach (D:3)
  5 toadstools (D:1)
7 creatures vanquished.

Grand Total: 65 creatures vanquished

Notes
Turn   | Place    | Note
-------+----------+-------------------------------------------
     0 | D:1      | themarg the Hill Orc Monk began the quest for the Orb.
     0 | D:1      | Reached XP level 1. HP: 19/19 MP: 1/1
   169 | D:1      | Found a faded altar of an unknown god.
   243 | D:1      | Reached skill level 4 in Fighting
   243 | D:1      | Reached XP level 2. HP: 27/27 MP: 2/2
   256 | D:1      | Prayed at the altar of an unknown god.
   256 | D:1      | Became a worshipper of Ru the Awakened
   274 | D:1      | Gained mutation: You cannot study or cast Fire magic. [Ru
                  | sacrifice]
   274 | D:1      | Gained mutation: You cannot study or cast Transmutations
                  | magic. [Ru sacrifice]
   274 | D:1      | Gained mutation: You cannot study or cast Conjurations
                  | magic. [Ru sacrifice]
   274 | D:1      | Reached * piety under Ru
  1152 | D:2      | Reached XP level 3. HP: 33/34 MP: 3/3
  1255 | D:3      | Reached XP level 4. HP: 28/41 MP: 4/4
  1256 | D:3      | Reached skill level 5 in Fighting
  1988 | D:3      | Found a shimmering blue altar of Sif Muna.
  2198 | D:4      | Reached XP level 5. HP: 45/48 MP: 5/5
  2409 | D:4      | Fell from the grace of Ru
  2409 | D:4      | Became a worshipper of Beogh the Brigand
  2490 | D:4      | Noticed a water moccasin
  2491 | D:4      | Noticed an ice beast
  2671 | D:4      | Slain by a water moccasin

Illustrated notes

Levels and vault maps discovered:
D:1:      ldierk_walled_garden, layout_basic,
          shapermc_ecumenical_altar_starsandcircs,
          nicolae_concentric_dashed_squares_mild
D:2:      layout_loops_ring, nicolae_concentric_dashed_squares_wild,
          minmay_pentomino_q2
D:3:      layout_basic, nicolae_sif_muna_condensation
D:4:      layout_basic, minmay_temple_entry_poolview, serial_glass,
          glass_columns_b, glass_columns_a

Skill      XL: |  1  2  3  4 |
---------------+-------------+-----
Fighting       | 4 5 |  5.7
Stealth        | 2 |  2.7
Dodging        | 3 |  3.0
Axes           | |  4.0

Action                   |  1- 3 |  4- 6 || total
-------------------------+-------+-------++-------
Melee: Hand axe          |   100 |    19 ||   119
       War axe           |       |    68 ||    68
Invok: Sacrifice Arcana  |     1 |       ||     1
       Convert to Beogh  |       |     1 ||     1
  Use: Potion            |     1 |     4 ||     5
       Scroll            |       |     2 ||     2
 Stab: Sleeping          |     1 |       ||     1
Armor: Leather armour    |     2 |       ||     2
       Chain mail        |    53 |    51 ||   104
       Ring mail         |    13 |       ||    13
Dodge: Dodged            |    47 |    37 ||    84

Table legend: (Time is in decaauts)
 A = Elapsed time spent in this place.
 B = Non-inter-level travel time spent in this place.
 C = Inter-level travel time spent in this place.
 D = Time resting spent in this place.
 E = Time spent auto-exploring this place.
 F = Levels seen in this place.
 G = Mean time per level.
                   A        B        C        D        E       F      G
               +--------+--------+--------+--------+--------+-----+--------+
         Total |   2671 |   2552 |    119 |    345 |   1672 |   4 |  667.8 |
       Dungeon |   2671 |   2552 |    119 |    345 |   1672 |   4 |  667.8 |
               +--------+--------+--------+--------+--------+-----+--------+

Top non-repeatable levels by time:
     D:3: 1089 daAuts
     D:2: 728 daAuts
     D:1: 633 daAuts
     D:4: 219 daAuts
